[Event "Titled Tuesday Blitz April 26 Early 2022"]
[White "Pham, Tran Gia Phuc"]
[Black "Estrada Nieto, Julian"]
[WhiteFideId "12415669"]
[BlackFideId "5101018"]
[WhiteElo "1789"]
[BlackElo "2252"]
[Result "1-0"]
[Round "09"]
[TimeControl "180+1"]
[Date "2022.04.26"]
[WhiteClock "0:01:16"]
[BlackClock "0:00:32"]

1. e4 e5 2. Nf3 Nc6 3. Bc4 Bc5 4. c3 d6 5. d4 exd4 6. cxd4 Bb6 7. Nc3 Nf6 8. O-O O-O 9. Bg5 h6 10. Bh4 Bg4 11. e5 dxe5 12. dxe5 Qxd1 13. Nxd1 Bxf3 14. exf6 g5 15. Bg3 Be4 16. Nc3 Bg6 17. Nd5 Rad8 18. Rad1 Rfe8 19. Nxc7 Bxc7 20. Bxc7 Rxd1 21. Rxd1 Bc2 22. Rc1 Bf5 23. f4 g4 24. Bd5 Bd7 25. Rc2 Nd4 26. Rd2 Nf5 27. Bxb7 Bb5 28. Rd8 Rxd8 29. Bxd8 Bc4 30. b3 Bd3 31. a4 Bc2 32. b4 Bxa4 33. Bc7 Bb5 34. Be4 Nd4 35. Bb8 a6 36. Kf2 Nc6 37. Bd6 Nd4 38. Ke3 Ne6 39. Bf5 h5 40. g3 Nd8 41. Kd4 Ne6+ 42. Kd5 Ba4 43. Bd3 Bb3+ 44. Kc6 Nd8+ 45. Kc7 Ne6+ 46. Kb6 1-0


[Site "https://www.chess.com"]

[Event "Titled Tuesday Blitz April 26 Early 2022"]
[White "Piliczewski, Bogusz"]
[Black "Rosenberg, Evan S"]
[WhiteFideId "1104144"]
[BlackFideId "2019299"]
[WhiteElo "1896"]
[BlackElo "2340"]
[Result "1-0"]
[Round "09"]
[TimeControl "180+1"]
[Date "2022.04.26"]
[WhiteClock "0:00:33"]
[BlackClock "0:00:04"]

1. d4 d5 2. Nf3 Bf5 3. Bf4 e6 4. e3 Nc6 5. Bd3 Bg4 6. Nbd2 h6 7. h3 Bxf3 8. Nxf3 Bd6 9. Ne5 Nxe5 10. dxe5 Bc5 11. Qg4 g5 12. h4 gxf4 13. Qg7 fxe3 14. fxe3 Bxe3 15. Qxh8 Kd7 16. Ke2 d4 17. Raf1 Qe7 18. g3 Rf8 19. Rf3 Qb4 20. Rd1 Qxb2 21. Qg7 Ke8 22. Bg6 Ne7 23. Bxf7+ Rxf7 24. Qxf7+ Kd7 25. Qh7 Qxa2 26. Rf7 Qc4+ 27. Ke1 Qc3+ 28. Kf1 Qc4+ 29. Rd3 Qc5 30. Rxe7+ Qxe7 31. Qxe7+ Kxe7 32. Ke2 c5 33. Ra3 a6 34. c3 Kd7 35. cxd4 Bxd4 36. g4 Bxe5 37. Kf3 Kc6 38. Ke4 Bd4 39. g5 hxg5 40. hxg5 Kb5 41. Rd3 a5 42. Rxd4 cxd4 43. g6 a4 44. g7 a3 45. g8=Q a2 46. Qe8+ Kb4 47. Qf8+ Kb3 48. Qf3+ Kb2 49. Qe2+ Kb1 50. Qd1+ Kb2 51. Qxd4+ Kb1 52. Qd1+ Kb2 53. Qd2+ Kb1 54. Qb4+ Ka1 55. Kd3 b5 56. Kc2 e5 57. Qb2# 1-0


[Site "https://www.chess.com"]

[Event "Titled Tuesday Blitz April 26 Early 2022"]
[White "Pires, Marcos Vinicius Torsani"]
[Black "Sovetbekova, Nurai"]
[WhiteFideId "2118939"]
[BlackFideId "13801910"]
[WhiteElo "2273"]
[BlackElo "1538"]
[Result "1-0"]
[Round "09"]
[TimeControl "180+1"]
[Date "2022.04.26"]
[WhiteClock "0:00:42"]
[BlackClock "0:00:08"]

1. d4 Nf6 2. Bf4 g6 3. e3 Bg7 4. Nf3 O-O 5. Be2 d6 6. h3 c5 7. c3 Nbd7 8. O-O Qe8 9. Bh2 e5 10. dxe5 dxe5 11. Nbd2 e4 12. Ne1 Nb6 13. Bd6 Qc6 14. Bxf8 Bxf8 15. a4 Be6 16. a5 Nbd5 17. Nc4 Rd8 18. Qc1 b5 19. axb6 axb6 20. Na3 Nc7 21. Nec2 Nfd5 22. Rd1 Be7 23. c4 Nf6 24. Rxd8+ Bxd8 25. Nb5 Nd7 26. Nxc7 Bxc7 27. Qd2 Ne5 28. b3 Kg7 29. Na3 Bb8 30. Nb5 f5 31. Qd8 Nd7 32. Qe7+ Kh6 33. Rd1 Ne5 34. Rd8 Nf7 35. Rxb8 f4 36. exf4 e3 37. fxe3 Qe4 38. Qh4+ Kg7 39. Qf2 Qb1+ 40. Kh2 Qxb3 41. Rb7 Bc8 42. Rxf7+ 1-0


[Site "https://www.chess.com"]

[Event "Titled Tuesday Blitz April 26 Early 2022"]
[White "Polster, Christian"]
[Black "Ajay Krishna, S"]
[WhiteFideId "12965081"]
[BlackFideId "5096430"]
[WhiteElo "2285"]
[BlackElo "2247"]
[Result "0-1"]
[Round "09"]
[TimeControl "180+1"]
[Date "2022.04.26"]
[WhiteClock "0:00:03"]
[BlackClock "0:00:12"]

1. e4 c5 2. Nc3 Nc6 3. Nge2 e5 4. g3 g6 5. Bg2 Bg7 6. O-O Nge7 7. d3 O-O 8. Be3 Nd4 9. f4 d6 10. h3 Be6 11. Nd5 Nxd5 12. exd5 Bd7 13. c3 Nf5 14. Bf2 Re8 15. Qd2 h5 16. Rae1 exf4 17. Nxf4 Bh6 18. Be4 Qf6 19. Kh2 Re7 20. a3 Rae8 21. b4 b6 22. Ra1 Nxg3 23. Bxg3 h4 24. Nh5 hxg3+ 25. Kg2 gxh5 26. Rxf6 Bxd2 27. Raf1 h4 28. R1f5 Bxf5 29. Rxf5 Rxe4 30. dxe4 Rxe4 0-1


[Site "https://www.chess.com"]

[Event "Titled Tuesday Blitz April 26 Early 2022"]
[White "Przybylski, Wojciech"]
[Black "Redor, Menandro"]
[WhiteFideId "1117599"]
[BlackFideId "5222010"]
[WhiteElo "2133"]
[BlackElo "1986"]
[Result "1-0"]
[Round "09"]
[TimeControl "180+1"]
[Date "2022.04.26"]
[WhiteClock "0:00:04"]
[BlackClock "0:00:05"]

1. e4 c5 2. Nf3 g6 3. c3 Bg7 4. d4 cxd4 5. cxd4 d5 6. e5 f6 7. Nc3 Nc6 8. Bb5 Nh6 9. exf6 exf6 10. Qe2+ Kf7 11. O-O Re8 12. Be3 Bg4 13. Rad1 Nf5 14. Bxc6 bxc6 15. h3 Nxe3 16. fxe3 Bf5 17. g4 Bd7 18. Ne5+ Kg8 19. Nd3 Bh6 20. Rf3 f5 21. gxf5 Bxf5 22. Ne5 Rc8 23. Rdf1 c5 24. Rxf5 gxf5 25. Rxf5 Rc7 26. Kh2 Rg7 27. Ng4 Qd6+ 28. Kh1 cxd4 29. Rf6 Re6 30. Nxh6+ Kh8 31. Nf7+ Rxf7 32. Rxf7 dxc3 33. Qg4 Rg6 34. Qc8+ Rg8 35. Qf5 Rg6 36. Rf8+ Kg7 37. Rf7+ Kg8 38. bxc3 Qg3 39. Rf8+ Kg7 40. Rf7+ Kh6 41. Qf4+ Qxf4 42. Rxf4 Re6 43. Rf3 Kg5 44. Kg2 h5 45. Kf2 Re4 46. Rf8 Rc4 47. Rd8 Rxc3 48. Rxd5+ Kh4 49. Kf3 Ra3 50. Kf4 Rxa2 51. e4 a5 52. Rb5 a4 53. e5 a3 54. e6 Rf2+ 55. Ke5 Re2+ 56. Kf6 a2 57. Ra5 Kxh3 58. Rxh5+ Kg4 59. Ra5 Kf3 60. e7 Kf2 61. Rxa2 Kf1 62. Rxe2 Kxe2 63. e8=Q+ 1-0


[Site "https://www.chess.com"]

[Event "Titled Tuesday Blitz April 26 Early 2022"]
[White "Richter, Nils"]
[Black "Piesik, Piotr"]
[WhiteFideId "12990809"]
[BlackFideId "1136194"]
[WhiteElo "2243"]
[BlackElo "2190"]
[Result "1-0"]
[Round "09"]
[TimeControl "180+1"]
[Date "2022.04.26"]
[WhiteClock "0:00:48"]
[BlackClock "0:01:15"]

1. e4 g6 2. d4 Bg7 3. Nc3 c6 4. Nf3 d6 5. h3 Nf6 6. a4 O-O 7. Bd3 Nbd7 8. O-O e5 9. Re1 Qe7 10. Bf1 Re8 11. b3 exd4 12. Nxd4 Nc5 13. f3 Nh5 14. Be3 Ng3 15. Bf2 Nxf1 16. Rxf1 Ne6 17. Qd2 Nxd4 18. Bxd4 Bxd4+ 19. Qxd4 Be6 20. Rad1 Red8 21. Ne2 f5 22. Nf4 Bf7 23. exf5 gxf5 24. Rfe1 Qg5 25. Ne6 Bxe6 26. Rxe6 d5 27. Rde1 Rd7 28. h4 Qg7 29. Qf4 Rf8 30. Re8 Rf7 31. h5 Rxe8 32. Rxe8+ Rf8 33. Re6 Qf7 34. Qg5+ Qg7 35. Qh4 f4 36. h6 Qg3 37. Qe7 d4 38. Re5 1-0


[Site "https://www.chess.com"]

[Event "Titled Tuesday Blitz April 26 Early 2022"]
[White "Ronka, Erik"]
[Black "Vokhidov, Shamsiddin"]
[WhiteFideId "505080"]
[BlackFideId "14204223"]
[WhiteElo "2264"]
[BlackElo "2611"]
[Result "0-1"]
[Round "09"]
[TimeControl "180+1"]
[Date "2022.04.26"]
[WhiteClock "0:00:33"]
[BlackClock "0:02:01"]

1. e4 d6 2. d4 g6 3. Nf3 Bg7 4. Bc4 a6 5. c3 b5 6. Bb3 Bb7 7. a4 e6 8. Qe2 b4 9. cxb4 Nc6 10. d5 exd5 11. exd5+ Nce7 12. O-O Nf6 13. Re1 Bxd5 14. Bxd5 Nxd5 15. Bg5 f6 16. Bd2 Qd7 17. Nc3 O-O 18. Qc4 c6 19. b5 axb5 20. axb5 Rxa1 21. Rxa1 cxb5 22. Qxb5 Qxb5 23. Nxb5 Rb8 24. Nxd6 Rxb2 25. Ra8+ Bf8 26. h4 Nc7 27. Rd8 Ne6 28. Re8 Rb6 29. Nc8 Nxc8 30. Rxc8 Kf7 31. g3 Bc5 32. Bc3 Rb3 0-1


[Site "https://www.chess.com"]

[Event "Titled Tuesday Blitz April 26 Early 2022"]
[White "Safarli, Eltaj"]
[Black "Darini, Pouria"]
[WhiteFideId "13402129"]
[BlackFideId "12502200"]
[WhiteElo "2634"]
[BlackElo "2489"]
[Result "1-0"]
[Round "09"]
[TimeControl "180+1"]
[Date "2022.04.26"]
[WhiteClock "0:00:05"]
[BlackClock "0:00:09"]

1. e4 c5 2. Nc3 d6 3. Bb5+ Bd7 4. Bxd7+ Qxd7 5. d4 cxd4 6. Qxd4 Nc6 7. Qd3 Qg4 8. Nf3 Qxg2 9. Rg1 Qh3 10. Bf4 g6 11. O-O-O Bh6 12. Nd5 Rc8 13. Kb1 Bxf4 14. Nxf4 Qh6 15. Nd5 Qh3 16. Rg3 Qd7 17. Qc3 f6 18. Qe3 e6 19. Nc3 a6 20. Na4 Qc7 21. Nb6 Rd8 22. Qb3 Kf7 23. Nd4 Nxd4 24. Rxd4 Ne7 25. f4 Nc6 26. Ra4 Qe7 27. a3 Kg7 28. h4 d5 29. h5 dxe4 30. Rxe4 Qf7 31. Nc4 Nd4 32. Qb6 Nf5 33. Rg1 Rhe8 34. Ne3 Rd6 35. Qa7 Nxe3 36. Qxe3 Rd7 37. f5 e5 38. hxg6 hxg6 39. Rxg6+ Kf8 40. Qh6+ Ke7 41. Re1 Kd8 42. Rxf6 Qd5 43. Re6 Rxe6 44. fxe6 Re7 45. Qh8+ Re8 46. Qxe5 Qxe5 47. Rxe5 Ke7 48. a4 Rc8 49. b3 Rc6 50. Kb2 Rd6 51. a5 Rc6 52. b4 Rc4 53. Kb3 Rc6 54. Re4 Rxe6 55. Rxe6+ Kxe6 56. Kc4 Kd6 57. Kd4 Kc6 58. c4 Kd6 59. Ke4 Ke6 60. Kd4 Kd6 61. b5 axb5 62. cxb5 Kd7 63. Kc5 Kc7 64. Kd5 Kd7 65. Ke5 Kc7 66. Ke4 Kd6 67. Kd4 Kc7 68. b6+ Kc6 69. Kc4 Kd6 70. Kb5 Kd7 71. a6 bxa6+ 72. Kxa6 Kc8 73. Ka7 1-0


[Site "https://www.chess.com"]

[Event "Titled Tuesday Blitz April 26 Early 2022"]
[White "Sailer, Mike"]
[Black "Samaganova, Aleksandra"]
[WhiteFideId "2012901"]
[BlackFideId "13800221"]
[WhiteElo "2109"]
[BlackElo "1859"]
[Result "0-1"]
[Round "09"]
[TimeControl "180+1"]
[Date "2022.04.26"]
[WhiteClock "0:00:08"]
[BlackClock "0:00:10"]

1. Nf3 c5 2. b3 Nf6 3. Bb2 Nc6 4. e3 e6 5. d4 d5 6. Be2 Bd6 7. O-O O-O 8. Nbd2 b6 9. Ne5 Qc7 10. f4 Nd7 11. Ndf3 f6 12. Nxc6 Qxc6 13. c4 Bb7 14. a4 a6 15. Rc1 Rfe8 16. cxd5 exd5 17. Qd2 Bf8 18. Bd3 Qe6 19. Rce1 c4 20. Bb1 Rac8 21. b4 Qd6 22. Bc3 g6 23. h3 Bc6 24. Bc2 Bg7 25. Nh2 Nf8 26. f5 g5 27. Ng4 h5 28. Nf2 Qd7 29. Nh1 Bxa4 30. Ng3 h4 31. Nh5 Bxc2 32. Nxg7 Kxg7 33. Qxc2 Re4 34. Bd2 Rce8 35. Ra1 Qb7 36. Qa4 c3 37. Bc1 Ra8 38. Rf2 Qc8 39. Qb3 Qd7 40. Ra3 a5 41. Qxc3 Ree8 42. bxa5 bxa5 43. Rxa5 Rac8 44. Qb2 Qc7 45. Bd2 Qd6 46. Rb5 Nd7 47. Rb6 Rc6 48. Rxc6 Qxc6 49. Rf1 Qd6 50. Rc1 Rb8 51. Qc2 Nb6 52. Qc6 Qxc6 53. Rxc6 Nc4 54. Bc1 Rb1 55. Rc5 Rxc1+ 56. Kf2 Rc2+ 57. Kf3 Nd2+ 58. Kg4 Rxc5 59. dxc5 Ne4 60. c6 Nd6 61. Kf3 Kf7 62. Ke2 Nc8 63. Kd3 Ke7 64. Kd4 Kd6 65. e4 dxe4 66. Kxe4 Kxc6 67. g3 hxg3 68. Kf3 Kd5 69. Kxg3 Ke5 70. Kg4 Nd6 71. h4 gxh4 72. Kxh4 Nxf5+ 73. Kg4 Nd6 74. Kf3 Kf5 75. Ke3 Kg4 76. Kf2 Kf4 77. Kg2 Ke3 0-1


[Site "https://www.chess.com"]

[Event "Titled Tuesday Blitz April 26 Early 2022"]
[White "Salimova, Nurgyul"]
[Black "Demchenko, Anton"]
[WhiteFideId "2915138"]
[BlackFideId "4160258"]
[WhiteElo "2185"]
[BlackElo "2539"]
[Result "0-1"]
[Round "09"]
[TimeControl "180+1"]
[Date "2022.04.26"]
[WhiteClock "0:00:01"]
[BlackClock "0:00:16"]

1. d4 Nf6 2. Nc3 d5 3. Bf4 a6 4. e3 b5 5. Bd3 Bb7 6. Nf3 e6 7. Ne5 Nbd7 8. O-O c5 9. dxc5 Bxc5 10. Nxd7 Qxd7 11. Be5 Bd6 12. Bxf6 gxf6 13. Ne2 f5 14. a4 b4 15. c3 O-O 16. cxb4 Bxb4 17. Qb3 a5 18. Rfc1 Rac8 19. Nd4 Rxc1+ 20. Rxc1 Rc8 21. Rc2 Rxc2 22. Qxc2 h6 23. g3 Qd6 24. h4 Qc5 25. Qd1 Qf8 26. Qh5 Qg7 27. Qe2 Bc5 28. Nb3 Bb6 29. Qc2 f4 30. Nd4 fxe3 31. fxe3 Bxd4 32. exd4 Qxd4+ 33. Kg2 Qe5 34. Kh3 d4 35. Qf2 Bd5 36. Be2 Qe4 37. Bh5 f5 38. Qf1 d3 39. Qd1 Kg7 0-1


[Site "https://www.chess.com"]

[Event "Titled Tuesday Blitz April 26 Early 2022"]
[White "Samunenkov, Ihor"]
[Black "Chigaev, Maksim"]
[WhiteFideId "14187086"]
[BlackFideId "4108116"]
[WhiteElo "2409"]
[BlackElo "2478"]
[Result "1-0"]
[Round "09"]
[TimeControl "180+1"]
[Date "2022.04.26"]
[WhiteClock "0:00:02"]
[BlackClock "0:00:01"]

1. d4 Nf6 2. c4 g6 3. Nc3 Bg7 4. e4 d6 5. h3 O-O 6. Bg5 c6 7. Nf3 Qa5 8. Qd2 e5 9. d5 Na6 10. Bd3 cxd5 11. cxd5 Nc5 12. Bc2 b5 13. Bxf6 Bxf6 14. O-O b4 15. Ne2 Rb8 16. Rfc1 Qd8 17. Ng3 Kg7 18. Bd1 a5 19. Be2 h5 20. Qe3 Bd7 21. Nf1 Qb6 22. N1d2 Na4 23. Qb3 Nc5 24. Qe3 Qd8 25. Nc4 Bb5 26. Ncxe5 Qe7 27. Bxb5 Bxe5 28. Nxe5 Qxe5 29. Qe2 Qxe4 30. Qxe4 Nxe4 31. Bc6 Nc5 32. Re1 Kf6 33. Re3 Rfc8 34. Rae1 Rc7 35. h4 Rf8 36. b3 Kg7 37. g3 Kf6 38. Kg2 Rd8 39. Re8 Rxe8 40. Rxe8 Re7 41. Ra8 Re2 42. Rxa5 Nd3 43. Kf3 Rb2 44. Ke3 Nxf2 45. Ra4 Ke5 46. Rxb4 Ng4+ 47. Kd3 Rg2 48. Re4+ Kf5 49. Rf4+ Ke5 50. Rf3 f5 51. a4 Rb2 52. Kc3 Re2 53. a5 Ke4 54. Rf4+ Ke3 55. a6 Rg2 56. a7 Rxg3 57. Rc4 f4 58. a8=Q Ne5 59. Qe8 f3 60. Rd4 f2 61. Rd3+ 1-0


[Site "https://www.chess.com"]

[Event "Titled Tuesday Blitz April 26 Early 2022"]
[White "Sargissyan, Sargis"]
[Black "Asavasaetakul, Chawit"]
[WhiteFideId "13303210"]
[BlackFideId "6204856"]
[WhiteElo "2174"]
[BlackElo "1697"]
[Result "0-1"]
[Round "09"]
[TimeControl "180+1"]
[Date "2022.04.26"]
[WhiteClock "0:00:01"]
[BlackClock "0:01:17"]

1. e4 d5 2. exd5 Nf6 3. d4 Bg4 4. f3 Bf5 5. Bb5+ Nbd7 6. Nc3 a6 7. Ba4 b5 8. Bb3 Nb6 9. Nge2 Nfxd5 10. Ng3 Be6 11. Nce4 g6 12. Nc5 Bc8 13. O-O Bg7 14. Bg5 O-O 15. Qd2 a5 16. a3 Nc4 17. Bxc4 bxc4 18. Rfe1 Re8 19. Re4 Qd6 20. Rae1 e6 21. Rh4 h5 22. Nge4 Qb6 23. c3 e5 24. Bh6 Bh8 25. dxe5 Rxe5 26. Bf4 Rxe4 27. Rxe4 Qxc5+ 28. Kh1 Be6 29. Be5 Bxe5 30. Rxe5 Qe7 31. Rhxh5 gxh5 32. Qh6 f6 33. Rxh5 Qg7 34. Qd2 Kf7 35. Rxd5 Re8 36. Rd4 Qg5 37. f4 Qf5 38. h3 Qb1+ 39. Kh2 Qf1 40. f5 Qxf5 41. Rf4 Qe5 42. Qf2 Ke7 43. g3 Rd8 44. Rf3 Rh8 45. Re3 Rxh3+ 46. Kg1 Qh5 0-1


[Site "https://www.chess.com"]

[Event "Titled Tuesday Blitz April 26 Early 2022"]
[White "Seemann, Jakub"]
[Black "Svane, Frederik"]
[WhiteFideId "21874697"]
[BlackFideId "12923044"]
[WhiteElo "2003"]
[BlackElo "2459"]
[Result "1-0"]
[Round "09"]
[TimeControl "180+1"]
[Date "2022.04.26"]
[WhiteClock "0:01:09"]
[BlackClock "0:00:04"]

1. e4 c5 2. Nf3 Nc6 3. Bb5 g6 4. O-O Bg7 5. Re1 Nf6 6. c3 O-O 7. d4 d5 8. e5 Ne4 9. Be3 Qb6 10. Bxc6 bxc6 11. Qc1 cxd4 12. cxd4 a5 13. Nbd2 Nxd2 14. Nxd2 a4 15. Qc3 Bd7 16. Rec1 Rfb8 17. b3 axb3 18. axb3 Rxa1 19. Rxa1 Bc8 20. f4 Ba6 21. Qa5 Qxa5 22. Rxa5 Bb7 23. b4 e6 24. Nb3 Bf8 25. Bd2 Bc8 26. Ra7 Kg7 27. Rc7 Bxb4 28. Bxb4 Rxb4 29. Nc5 Rxd4 30. Rxc8 Rxf4 31. Nd7 Rc4 32. Kf2 Rc2+ 33. Kf3 Rc3+ 34. Kf4 Rc4+ 35. Ke3 Rc3+ 36. Kd4 Rc4+ 37. Kd3 Kh6 38. Nf6 Kg5 39. Rf8 Kf5 40. Nd7 Ra4 41. Rxf7+ Kg5 42. Rf6 Ra3+ 43. Kd4 Ra4+ 44. Kc5 Rc4+ 45. Kd6 d4 46. Rf3 Rc3 47. Kxe6 Rxf3 48. gxf3 d3 49. Nc5 1-0


[Site "https://www.chess.com"]

[Event "Titled Tuesday Blitz April 26 Early 2022"]
[White "Seo, Jung Min"]
[Black "Martic, Ivan"]
[WhiteFideId "1734687"]
[BlackFideId "929301"]
[WhiteElo "2401"]
[BlackElo "2317"]
[Result "1-0"]
[Round "09"]
[TimeControl "180+1"]
[Date "2022.04.26"]
[WhiteClock "0:00:18"]
[BlackClock "0:00:03"]

1. d4 Nf6 2. c4 g6 3. Nc3 Bg7 4. e4 d6 5. f3 O-O 6. Nge2 c5 7. d5 e6 8. Be3 exd5 9. cxd5 Qa5 10. Ng3 h5 11. Bd3 Nbd7 12. O-O h4 13. Nh1 h3 14. g3 Ne5 15. Be2 b5 16. Bxb5 Rb8 17. Qe2 a6 18. Ba4 Rb4 19. b3 Bd7 20. Bxd7 Nfxd7 21. Rac1 c4 22. Nf2 cxb3 23. axb3 Rxb3 24. Ncd1 Qa3 25. Nxh3 Nc5 26. Rc2 Rfb8 27. Ra2 Qb4 28. Nf4 Nc4 29. Bxc5 Qxc5+ 30. Kh1 Rb1 31. Rxa6 Nb2 32. Rc6 Qd4 33. Nf2 Na4 34. Rxb1 Rxb1+ 35. Kg2 Rb2 36. Rc2 Nc3 37. Rxb2 Nxe2 38. Rxe2 Bh6 39. h4 Qc4 40. N2h3 Kg7 41. Rf2 Kh7 42. Ng5+ Bxg5 43. hxg5 Kg7 44. g4 Qc3 45. Nh3 Qe3 46. Kg3 Qe1 47. Kg2 Qc1 48. Re2 f6 49. gxf6+ Kxf6 50. g5+ Ke5 51. f4+ Kd4 52. e5 Kd3 53. Ng1 Qxf4 54. e6 Qxg5+ 55. Kf1 Qf5+ 56. Ke1 Qg4 57. Kf1 Qf4+ 58. Kg2 Qg4+ 59. Kf2 Qf5+ 60. Nf3 Qxd5 61. e7 Qc5+ 62. Kf1 Qc1+ 63. Re1 Qf4 64. Kf2 1-0


[Site "https://www.chess.com"]

[Event "Titled Tuesday Blitz April 26 Early 2022"]
[White "Shtyka, Sergey"]
[Black "Chuemsakul, Sarocha"]
[WhiteFideId "4138465"]
[BlackFideId "6203710"]
[WhiteElo "2014"]
[BlackElo "1703"]
[Result "0-1"]
[Round "09"]
[TimeControl "180+1"]
[Date "2022.04.26"]
[WhiteClock "0:00:03"]
[BlackClock "0:00:21"]

1. e4 g6 2. d4 Bg7 3. Nc3 a6 4. a4 c6 5. Nge2 d5 6. g3 dxe4 7. Nxe4 Nf6 8. Nxf6+ exf6 9. Bg2 a5 10. O-O O-O 11. Nf4 Na6 12. c3 Bf5 13. Be3 Qd7 14. Qd2 Rfe8 15. Rfe1 Rad8 16. Qc1 Be4 17. Bd2 Bxg2 18. Kxg2 Nc7 19. Rxe8+ Rxe8 20. Qf1 Nd5 21. Re1 Nxf4+ 22. Bxf4 Qd5+ 23. f3 Rd8 24. Qe2 Bf8 25. Qc2 g5 26. Be3 Re8 27. Bf2 Rxe1 28. Bxe1 h5 29. h3 Bd6 30. g4 h4 31. Bf2 Bc7 32. c4 Qd6 33. Qf5 Qh2+ 34. Kf1 Qxh3+ 35. Ke2 Kg7 36. Qc8 Bf4 37. d5 Qg2 38. Qd8 Bg3 39. Kd3 Qxf3+ 40. Be3 Bf4 41. Qe7 cxd5 42. cxd5 Qxd5+ 43. Ke2 Qg2+ 44. Kd1 Qf1+ 45. Kc2 Qe2+ 46. Kb1 Qxe3 47. Qxb7 Qc1+ 48. Ka2 Qc4+ 49. b3 Qc2+ 50. Ka3 Bd6+ 51. b4 Bxb4+ 0-1


[Site "https://www.chess.com"]

[Event "Titled Tuesday Blitz April 26 Early 2022"]
[White "Silvestre, Christian"]
[Black "Rozman, Levy"]
[WhiteFideId "30956269"]
[BlackFideId "2039877"]
[WhiteElo "2358"]
[BlackElo "2376"]
[Result "1-0"]
[Round "09"]
[TimeControl "180+1"]
[Date "2022.04.26"]
[WhiteClock "0:00:23"]
[BlackClock "0:00:01"]

1. d4 Nf6 2. Nf3 e6 3. Bf4 b6 4. e3 Bb7 5. Bd3 Be7 6. h3 O-O 7. Nbd2 c5 8. c3 d5 9. a4 Bd6 10. Bxd6 Qxd6 11. Ne5 Ne4 12. O-O Nxd2 13. Qxd2 f6 14. Nf3 e5 15. dxe5 fxe5 16. e4 d4 17. cxd4 exd4 18. b4 Nd7 19. bxc5 bxc5 20. Qc2 Rxf3 21. gxf3 Ne5 22. Qb3+ Kh8 23. Qxb7 Nxf3+ 24. Kg2 Rf8 25. e5 Qxe5 26. Qxf3 Rxf3 27. Kxf3 Qd5+ 28. Be4 Qb3+ 29. Kg2 g6 30. Rac1 c4 31. Bd5 Qxa4 32. Rxc4 Qa3 33. Rxd4 Kg7 34. Rfd1 Qe7 35. Bf3 Kh6 36. h4 a5 37. Kg3 Qe5+ 38. Kg2 Qb5 39. h5 Qg5+ 40. Kf1 Qf5 41. Ke2 Qe5+ 42. Kf1 Qb5+ 43. Kg2 a4 44. hxg6 hxg6 45. Rh4+ Kg7 46. Rhd4 a3 47. Rd7+ Kf6 48. R1d6+ 1-0


[Site "https://www.chess.com"]

[Event "Titled Tuesday Blitz April 26 Early 2022"]
[White "Skliarov, Viktor"]
[Black "Sihite, Chelsie Monica Ignesias"]
[WhiteFideId "14106736"]
[BlackFideId "7101198"]
[WhiteElo "2229"]
[BlackElo "2224"]
[Result "0-1"]
[Round "09"]
[TimeControl "180+1"]
[Date "2022.04.26"]
[WhiteClock "0:00:07"]
[BlackClock "0:01:05"]

1. e4 e5 2. Nc3 Nf6 3. Bc4 c6 4. Nf3 d5 5. exd5 e4 6. Qe2 cxd5 7. Bb5+ Bd7 8. Bxd7+ Nbxd7 9. d3 Bb4 10. dxe4 Bxc3+ 11. bxc3 dxe4 12. Ba3 Qa5 13. Bb4 Qa6 14. Qxa6 bxa6 15. Nd2 O-O-O 16. Ke2 Rhe8 17. Nc4 Re6 18. Nd6+ Kb8 19. Nxf7 Rc8 20. Ng5 Ree8 21. Rhd1 Nb6 22. Rab1 Ka8 23. Nf7 Re6 24. Nd6 Rg8 25. c4 g5 26. c5 Nbd5 27. Ba5 h5 28. Rb3 Nf4+ 29. Kf1 Nd7 30. c6 Nc5 31. Rc3 Na4 32. Rc4 Nb2 33. Rcd4 Nxd1 34. Rxd1 e3 35. fxe3 Rxe3 36. c7 Re5 37. Bb4 Nd5 38. c8=Q+ Rxc8 39. Nxc8 Ne3+ 40. Ke2 Nxc2+ 41. Kf2 Nxb4 42. Rd7 Kb8 43. Nd6 Rd5 44. Rb7+ Ka8 45. Rd7 Nc6 46. a4 a5 47. g3 a6 48. h4 g4 49. Ke2 Nd4+ 50. Kf2 Nc6 51. Ke3 Nb8 52. Rd8 Rd1 53. Kf4 Rd5 54. Ke4 Rc5 55. Kd4 Rc7 56. Kd5 Ka7 57. Nc8+ Kb7 58. Nd6+ Ka7 59. Nc8+ Ka8 60. Nd6 Rd7 61. Rxd7 Nxd7 62. Ne4 Nb6+ 63. Kc6 Nxa4 64. Nf6 Ka7 65. Nxh5 Nc3 66. Nf4 a4 67. Nd3 a3 68. Nb4 a5 69. Nc2 a2 70. h5 Ne2 71. h6 Nd4+ 72. Nxd4 a1=Q 73. Nb5+ Kb8 74. Nd6 Qh8 0-1


[Site "https://www.chess.com"]

[Event "Titled Tuesday Blitz April 26 Early 2022"]
[White "Starozhilov, Leonid"]
[Black "Sharapov, Evgeny"]
[WhiteFideId "14106752"]
[BlackFideId "14103133"]
[WhiteElo "2414"]
[BlackElo "2367"]
[Result "1/2-1/2"]
[Round "09"]
[TimeControl "180+1"]
[Date "2022.04.26"]
[WhiteClock "0:00:03"]
[BlackClock "0:00:32"]

1. c4 c5 2. Nf3 Nc6 3. g3 e5 4. Nc3 g6 5. Bg2 Bg7 6. O-O d6 7. Ne1 Be6 8. d3 Nge7 9. Nd5 O-O 10. Nc2 Rb8 11. a4 a5 12. Na3 Nb4 13. e4 Nexd5 14. cxd5 Bd7 15. Nc4 Qc7 16. Bg5 f6 17. Be3 f5 18. f4 b5 19. axb5 Bxb5 20. fxe5 Bxc4 21. exd6 Qxd6 22. dxc4 fxe4 23. Rxf8+ Rxf8 24. Rxa5 Nd3 25. Qg4 Qb6 26. Qe6+ Qxe6 27. dxe6 Nxb2 28. Bxc5 Nxc4 29. Ra6 Rc8 30. Bb4 Bd4+ 31. Kh1 Rb8 32. Bxe4 Rxb4 33. Ra8+ Kg7 34. e7 Nd6 35. e8=Q Nxe8 36. Rxe8 1/2-1/2


[Site "https://www.chess.com"]

[Event "Titled Tuesday Blitz April 26 Early 2022"]
[White "Stelmaszyk, Nico"]
[Black "Reprintsev, Alexander"]
[WhiteFideId "16200462"]
[BlackFideId "14100541"]
[WhiteElo "2119"]
[BlackElo "2108"]
[Result "0-1"]
[Round "09"]
[TimeControl "180+1"]
[Date "2022.04.26"]
[WhiteClock "0:00:16"]
[BlackClock "0:01:23"]

1. d4 d5 2. c4 e5 3. dxe5 d4 4. Nf3 Nc6 5. Bf4 h6 6. h4 Nge7 7. h5 Be6 8. Nbd2 Qd7 9. Ne4 O-O-O 10. Nc5 Qe8 11. Nxe6 fxe6 12. g3 g5 13. hxg6 Nxg6 14. Qd3 Nxf4 15. gxf4 Bb4+ 16. Nd2 Qf8 17. Qe4 Bxd2+ 18. Kxd2 Qb4+ 19. Kc1 Qxc4+ 20. Qc2 Qb4 21. Bh3 Rhe8 22. a3 Qa5 23. Rd1 Kb8 24. Qc4 Qb6 25. b4 d3 26. Rxd3 Qxf2 27. Rf3 Qe1+ 28. Kb2 Rd2+ 29. Kb3 Qxa1 30. Rd3 Qd1+ 31. Kc3 Rc2+ 32. Kb3 Qb1+ 33. Ka4 Rxc4 34. Bxe6 Qc2+ 35. Kb5 a6# 0-1


[Site "https://www.chess.com"]

[Event "Titled Tuesday Blitz April 26 Early 2022"]
[White "Svane, Rasmus"]
[Black "Moroni, Luca Jr"]
[WhiteFideId "4657101"]
[BlackFideId "865834"]
[WhiteElo "2645"]
[BlackElo "2573"]
[Result "1-0"]
[Round "09"]
[TimeControl "180+1"]
[Date "2022.04.26"]
[WhiteClock "0:00:07"]
[BlackClock "0:00:04"]

1. Nf3 d6 2. d4 g6 3. e4 Bg7 4. Bd3 Nf6 5. O-O O-O 6. h3 Nc6 7. c3 e5 8. Re1 Re8 9. Bc2 Bd7 10. Nbd2 h6 11. Nf1 Nh5 12. Be3 Qe7 13. Qd2 Kh7 14. Rad1 Rad8 15. N1h2 a6 16. b4 Bc8 17. a3 Qf8 18. Qc1 Kh8 19. Ba4 b5 20. Bb3 f5 21. dxe5 f4 22. Bd4 dxe5 23. Bc5 Qf6 24. Ng4 Bxg4 25. hxg4 g5 26. gxh5 g4 27. Nh2 Qh4 28. Bf7 Rf8 29. Be6 f3 30. Bxg4 fxg2 31. Kxg2 Nd4 32. f3 Nb3 33. Qe3 Nxc5 34. Qxc5 Bf6 35. Qf2 Qxf2+ 36. Kxf2 Bh4+ 37. Ke2 Bxe1 38. Kxe1 Rxd1+ 39. Kxd1 Rd8+ 40. Kc2 Kg7 41. Nf1 Kf6 42. Ne3 Kg5 43. Nd5 c6 44. Ne7 Rd6 45. Nf5 Rd8 46. Kb3 Rd2 47. a4 Rd1 48. a5 Rd2 49. Ne7 Rd6 50. Bc8 Kxh5 51. Bxa6 c5 52. Bxb5 cxb4 53. cxb4 Kg5 54. a6 h5 55. a7 Rd8 56. Nf5 Ra8 57. Bc6 Rxa7 58. b5 h4 59. Nxh4 Kxh4 60. Kc4 Kg3 61. b6 Ra1 62. b7 Rc1+ 63. Kd5 Rb1 64. Kc5 Rc1+ 65. Kb6 Rb1+ 66. Bb5 Kxf3 67. b8=Q Kxe4 68. Qb7+ 1-0


[Site "https://www.chess.com"]